[Event "Live Chess"]
[Site "Chess.com"]
[Date "2023.05.20"]
[Round "-"]
[White "JackRudd"]
[Black "Olisingapore"]
[Result "1-0"]
[WhiteElo "2386"]
[BlackElo "1947"]
[TimeControl "300"]
[EndTime "9:52:36 PDT"]
[Termination "JackRudd won by resignation"]

1. e4 c5 2. Nf3 d6 3. d4 cxd4 4. Nxd4 Nf6 5. Nc3 a6 6. Bc4 e6 7. Bb3 Be7 8. f4 b5 9. O-O O-O 10. f5 e5 11. Nf3 Bb7 12. Nd5 Nxe4 13. a4 Nd7 14. Be3 Ndf6 15. Bb6 Qd7 16. Nxe7+ Qxe7 17. c3 Rfc8 18. Qe2 d5 19. axb5 axb5 20. Qxb5 Nd6 21. Qb4 Nd7 22. Bf2 Qf6 23. Bh4 Qxf5 24. Qxd6 Nf6 25. Nxe5 Rxa1 26. Rxa1 Re8 27. Bxf6 Qxf6 28. Qxf6 gxf6 29. Ng4 Re4 30. Nxf6+ 1-0

[Event "Live Chess"]
[Site "Chess.com"]
[Date "2023.05.20"]
[Round "-"]
[White "seasidecastle27"]
[Black "risinghelios"]
[Result "0-1"]
[WhiteElo "1802"]
[BlackElo "1965"]
[TimeControl "300"]
[EndTime "9:52:43 PDT"]
[Termination "risinghelios won on time"]

1. d4 e5 2. dxe5 Nc6 3. Nf3 Qe7 4. Qd5 Nb4 5. Qc4 b5 6. Qe4 d5 7.
Qf4 Nxc2+ 8. Kd1 Nxa1 9. Nc3 c6 10. Be3 Be6 11. Nd4 Qd7 12. Kc1 g6 13. Kb1 Bg7 14.
Kxa1 Ne7 15. h4 c5 16. Nxe6 Qxe6 17. Bxc5 Bxe5 18. Qe3 Bxc3 19. bxc3 Qxe3 20. Bxe3 O-O 21. h5 Nf5 22. Bc5 Rfc8 23. Bb4 a5 24. Ba3 d4 25. g4 Ng7 26. Bg2 Rab8 27. cxd4 Rc2 28. hxg6 hxg6 29.
Bd6 Rbc8 30. Bc5 Rxe2 31. Bb7 Rce8 32. Bc6 Re1+ 33. Rxe1 Rxe1+ 34. Kb2 Ne6 35. Bxb5 Nxc5 36. dxc5 Re5 37. c6 Rxb5+ 38. Ka3 Rc5 39. Ka4 Rxc6 40.
Kxa5 Rf6 41. a4 Rxf2 42. Kb6 Rg2 43. a5 Rxg4 44. a6 Ra4 45. a7 Rxa7 46. Kxa7 g5 0-1

[Event "Live Chess"]
[Site "Chess.com"]
[Date "2023.05.20"]
[Round "-"]
[White "MaximKris"]
[Black "JoshMcK"]
[Result "1-0"]
[WhiteElo "1827"]
[BlackElo "1552"]
[TimeControl "300"]
[EndTime "9:52:47 PDT"]
[Termination "MaximKris won by resignation"]

1. e4 c6 2. Nf3 d5 3. Nc3 Bg4 4. d4 Bxf3 5. Qxf3 e6 6. exd5 cxd5 7. Bf4 Nc6 8. Bb5 Nf6 9. O-O Bd6 10. Rfe1 O-O 11.
Bxc6 bxc6 12. Bxd6 Qxd6 13. Qg3 Qxg3 14. hxg3 Rab8 15.
b3 Rfc8 16. Na4 Ne4 17. c4 Nd6 18. cxd5 cxd5 19. Nc5 Nf5 20. Rac1 Nxd4 21. Na6 Rxc1 22. Rxc1 Rd8 23. Rc7 Nb5 24. Rb7 Nc3 25. Rxa7 Nxa2 26. Nc7 g6 27. Rxa2 Rc8 28. Nb5 Rb8 29. Nd4 e5 30.
Nc6 Rxb3 31. Nxe5 d4 32. Rd2 f6 33. Nf3 Rb1+ 34. Kh2 h5 35. Rxd4 Kg7 36. Rd7+ Kh6 37. Rd6 f5 38. Nh4 Kh7 39. Rxg6 1-0

[Event "Live Chess"]
[Site "Chess.com"]
[Date "2023.05.20"]
[Round "-"]
[White "PaulHumphreys"]
[Black "OBrightwell100"]
[Result "1-0"]
[WhiteElo "1373"]
[BlackElo "1314"]
[TimeControl "300"]
[EndTime "9:52:51 PDT"]
[Termination "PaulHumphreys won by resignation"]

1. d4 d5 2. Nc3 a6 3. Bf4 Nf6 4. e3 e6 5. Nf3 Bd6 6. Ne5 O-O 7. g4 Nbd7 8. g5 Ne4 9. Nxe4 dxe4 10. h4 f6 11. gxf6 Qxf6 12. Ng4 Qe7 13. Bg5 Qf7 14. Bg2 h5 15. Bxe4 hxg4 16. Qe2 e5 17. O-O-O exd4 18. Rdf1 dxe3 19. fxe3 Qxa2 20. Rxf8+ Kxf8 21. Rf1+ Kg8 22.
Qd3 Ne5 23. Bd5+ Qxd5 24. Qxd5+ Kh7 25. Qe4+ Ng6 26. h5 Kg8 27. Qxg6 Bd7 28. h6 1-0

[Event "Live Chess"]
[Site "Chess.com"]
[Date "2023.05.20"]
[Round "-"]
[White "vovanada"]
[Black "VovaOvchar1990"]
[Result "1-0"]
[WhiteElo "806"]
[BlackElo "1186"]
[TimeControl "300"]
[EndTime "9:52:59 PDT"]
[Termination "vovanada won on time"]

1. d4 d5 2. Bf4 Bf5 3. e3 f6 4.
Nf3 Nc6 5. c3 e6 6. Bb5 a6 7.
Bxc6+ bxc6 8. Qa4 Qd7 9. Nbd2 Bd6 10. Bg3 Bxg3 11. hxg3 Bd3 12. O-O-O Ne7 13. Nb3 Rb8 14. Rxd3 Nf5 15. Nc5 Qd6 16. Qxa6 O-O 17. g4 Ne7 18. e4 dxe4 19. Nxe4 Qd5 20. Re1 Ra8 21. c4 Qd7 22. Qb7 Rfb8 23. Qxb8+ Rxb8 24. Nc5 Qd6 25. Rxe6 Qf4+ 26.
Kb1 Ng6 27. Rxc6 Qxg4 28. g3 Qh3 29. b3 Qf1+ 30. Kc2 Qe2+ 31. Kc3 Qxf2 32. Rxc7 Qxg3 33.
Ne6 Qg2 34. Rxg7+ Kh8 35. Rc7 Re8 36. Rc6 Qf2 37. a4 1-0

[Event "Live Chess"]
[Site "Chess.com"]
[Date "2023.05.20"]
[Round "-"]
[White "ReeceHockton"]
[Black "Fazer180"]
[Result "0-1"]
[WhiteElo "321"]
[BlackElo "1716"]
[TimeControl "300"]
[EndTime "9:53:00 PDT"]
[Termination "Fazer180 won by resignation"]

1. d4 e6 2. e4 d5 3. f3 dxe4 4. fxe4 Qh4+ 5. g3 Qxe4+ 6. Be3 Qxe3+ 7. Ne2 Nc6 8. Nc3 Bb4 9. Qd2 Qxd2+ 10. Kxd2 Bxc3+ 11. Kxc3 Nf6 12. Rd1 Ne4+ 13. Kd3 Nf2+ 14. Ke3 0-1

[Event "Live Chess"]
[Site "Chess.com"]
[Date "2023.05.20"]
[Round "-"]
[White "defenderalist"]
[Black "Doge_Dandolo"]
[Result "0-1"]
[WhiteElo "1590"]
[BlackElo "2150"]
[TimeControl "300"]
[EndTime "9:53:05 PDT"]
[Termination "Doge_Dandolo won by resignation"]

1. e4 c6 2. Nf3 d5 3. exd5 cxd5 4. d4 Nc6 5. Bb5 Bg4 6. h3 Bxf3 7. Qxf3 e6 8. Nc3 a6 9. Ba4 Bd6 10. O-O Qc7 11. a3 Ne7 12. b4 b5 13. Bb3 Nxd4 14.
Qg4 Qxc3 15. Qxg7 Ne2+ 0-1

[Event "Live Chess"]
[Site "Chess.com"]
[Date "2023.05.20"]
[Round "-"]
[White "Conradical12"]
[Black "RedRook90"]
[Result "0-1"]
[WhiteElo "1509"]
[BlackElo "1964"]
[TimeControl "300"]
[EndTime "9:53:07 PDT"]
[Termination "RedRook90 won by checkmate"]

1. e4 c6 2. d4 d5 3. f3 Bd7 4. exd5 cxd5 5. c4 dxc4 6. Nc3 b5 7.
a3 e6 8. Bf4 Nf6 9. Qe2 Be7 10.
O-O-O O-O 11. h4 a5 12. g4 b4 13. Ne4 Nxe4 14. Qxe4 Bc6 15. d5 Bxd5 16. Qc2 bxa3 17. Bxc4 axb2+ 18. Kxb2 Qb6+ 19. Ka1 Bxc4 20. Qxc4 Qb4 21.
Qxb4 axb4+ 22. Kb1 Nc6 23. Rd7 Rfd8 24. Rc7 Rac8 25. Rb7 Nd4 26. Rxe7 Rc2 27. h5 b3 28. h6 Nb5 29. Nh3 Nc3+ 30. Ka1 Ra2# 0-1

[Event "Live Chess"]
[Site "Chess.com"]
[Date "2023.05.20"]
[Round "-"]
[White "zdanevych"]
[Black "ramses-IIG"]
[Result "1-0"]
[WhiteElo "1530"]
[BlackElo "744"]
[TimeControl "300"]
[EndTime "9:53:07 PDT"]
[Termination "zdanevych won by resignation"]

1. d4 d5 2. c4 dxc4 3. e4 b5 4.
a4 c6 5. axb5 cxb5 6. Nc3 Ba6 7.
Nf3 f6 8. b3 e6 9. bxc4 bxc4 10. Bxc4 Bxc4 11. Qa4+ Nc6 12. Qxc6+ 1-0

[Event "Live Chess"]
[Site "Chess.com"]
[Date "2023.05.20"]
[Round "-"]
[White "BearFromUkraine"]
[Black "Chesscoach_Golichenko"]
[Result "0-1"]
[WhiteElo "1164"]
[BlackElo "2646"]
[TimeControl "300"]
[EndTime "9:53:13 PDT"]
[Termination "Chesscoach_Golichenko won by resignation"]

1. e4 Nf6 2. e5 Nd5 3. Nf3 d6 4. exd6 exd6 5. Bc4 Nb6 6. Bb3 Be7 7. O-O O-O 8. d3 d5 9. Bf4 Bf6 10. c3 c5 11. a3 Nc6 12. Nbd2 Bf5 13. d4 cxd4 14.
Nxd4 Nxd4 15. cxd4 Bxd4 16. Rb1 Bxb1 0-1

[Event "Live Chess"]
[Site "Chess.com"]
[Date "2023.05.20"]
[Round "-"]
[White "thrithik"]
[Black "mach247"]
[Result "0-1"]
[WhiteElo "480"]
[BlackElo "1331"]
[TimeControl "300"]
[EndTime "9:53:13 PDT"]
[Termination "mach247 won by checkmate"]

1. a4 e5 2. Nc3 d5 3. Nb5 c6 4.
Nc3 Nf6 5. Ra3 Bxa3 6. bxa3 O-O 7. Bb2 Qb6 8. Nb1 Qxb2 9. Nc3 Bf5 10. d4 exd4 11. a5 dxc3 12. e3 Qxc2 13. Qxc2 Bxc2 14. Be2 Bb3 15. Nf3 c2 16. Nd4 c1=Q+ 17. Bd1 Qxd1# 0-1

[Event "Live Chess"]
[Site "Chess.com"]
[Date "2023.05.20"]
[Round "-"]
[White "SimonB4a"]
[Black "grillage"]
[Result "1-0"]
[WhiteElo "2188"]
[BlackElo "1854"]
[TimeControl "300"]
[EndTime "9:53:24 PDT"]
[Termination "SimonB4a won by resignation"]

1. d4 Nf6 2. c4 e6 3. Nf3 Bb4+ 4. Bd2 Bxd2+ 5. Nbxd2 d6 6. g3 Nbd7 7. Bg2 O-O 8. O-O e5 9. e4 Re8 10. d5 a5 11. Qc2 Nc5 12. b3 b6 13. a3 Bd7 14.
Rfe1 h6 15. b4 axb4 16. axb4 Na6 17. Qc3 Qb8 18. Reb1 Qb7 19. Ne1 Nb8 20. Nd3 Rc8 21. c5 dxc5 22. bxc5 Rxa1 23. Qxa1 Qa6 24. Qxa6 Nxa6 25.
c6 Be8 26. Nxe5 Nc5 27. Nec4 Ng4 28. h3 Ne5 29. Nxe5 1-0

[Event "Live Chess"]
[Site "Chess.com"]
[Date "2023.05.20"]
[Round "-"]
[White "lucaskk818"]
[Black "NAZRIZ1977"]
[Result "0-1"]
[WhiteElo "1875"]
[BlackElo "2124"]
[TimeControl "300"]
[EndTime "9:53:25 PDT"]
[Termination "NAZRIZ1977 won by resignation"]

1. d4 Nf6 2. c4 c5 3. d5 b5 4.
cxb5 a6 5. bxa6 g6 6. Nc3 d6 7. e4 Bxa6 8. h3 Bg7 9. Nf3 O-O 10. Bxa6 Nxa6 11. O-O Qa5 12. a3 Rfb8 13. Qc2 Ne8 14.
Bd2 Nec7 15. Rab1 Nb5 16. Nxb5 Qxb5 17. Bc3 Qb3 18. Qxb3 Rxb3 19. Bxg7 Kxg7 20. Nd2 Rd3 21. Nc4 Rd4 22. Nb6 Rb8 23. Nd7 Rb7 24. Nxc5 Nxc5 25.
f3 Nb3 26. Rfd1 Kf6 27. Rxd4 Nxd4 28. b4 Ke5 29. Kf2 f5 30. Ke3 fxe4 31. fxe4 Nc2+ 32. Kd3 Nxa3 33. h4 Nb5 34. h5 Rc7 35. hxg6 hxg6 36. Rb3 Rc1 37. g3 g5 38. Kd2 Rc4 39. Kd3 0-1

[Event "Live Chess"]
[Site "Chess.com"]
[Date "2023.05.20"]
[Round "-"]
[White "Jeffaroow"]
[Black "apl_trainer"]
[Result "0-1"]
[WhiteElo "451"]
[BlackElo "1569"]
[TimeControl "300"]
[EndTime "9:53:29 PDT"]
[Termination "apl_trainer won by resignation"]

1. e4 c5 2. d4 cxd4 3. Qxd4 Nc6 4. Qc3 Nf6 5. Bd3 d6 6. Nd2 g6 7. Ngf3 Bg7 8. e5 Ng4 9. O-O Ngxe5 10. Nxe5 Nxe5 11.
Nc4 Nf3+ 12. gxf3 Bxc3 0-1

[Event "Live Chess"]
[Site "Chess.com"]
[Date "2023.05.20"]
[Round "-"]
[White "jusjoel"]
[Black "viktorskliarov"]
[Result "0-1"]
[WhiteElo "297"]
[BlackElo "2648"]
[TimeControl "300"]
[EndTime "9:53:38 PDT"]
[Termination "viktorskliarov won by checkmate"]

1. d4 Nf6 2. e3 g6 3. Bc4 Bg7 4.
Qf3 O-O 5. c3 d5 6. Bb3 c5 7.
dxc5 Nbd7 8. g4 Ne5 9. Qh3 Bxg4 10. Qh4 Nd3+ 11. Kd2 Nxf2 12. Qxf2 Ne4+ 13. Ke1 Nxf2 14. Kxf2 e6 15. Nf3 Bxf3 16. Kxf3 Rc8 17. Rd1 Rxc5 18.
Bd2 Qh4 19. Kg2 Be5 20. e4 Qxh2+ 21. Kf3 Qg3+ 22. Ke2 dxe4 23. c4 Qf3+ 24. Ke1 Bg3# 0-1

[Event "Live Chess"]
[Site "Chess.com"]
[Date "2023.05.20"]
[Round "-"]
[White "Kr1xot4_XGOD"]
[Black "toog"]
[Result "1/2-1/2"]
[WhiteElo "2200"]
[BlackElo "2629"]
[TimeControl "300"]
[EndTime "9:53:42 PDT"]
[Termination "Game drawn by agreement"]

1. e4 c5 2. Nf3 d6 3. d4 cxd4 4. Nxd4 Nf6 5. Bb5+ Bd7 6. Bxd7+ Nbxd7 7. O-O Nxe4 8. Re1 Nef6 9. Nc3 e6 10. Ncb5 Be7 11. Qe2 a6 12. Nf5 O-O 13. Nbxd6 Bxd6 14. Nxd6 Qc7 15.
Ne4 Nxe4 16. Qxe4 Rac8 17. Be3 Nf6 18. Qf3 Nd5 19. Rac1 Rfd8 20. Bd4 Qc4 21. Re4 Qxa2 22. Rg4 g6 23. Rh4 Rxc2 24. Rd1 Rxb2 25. Rxh7 f6 26.
Qh3 1/2-1/2

[Event "Live Chess"]
[Site "Chess.com"]
[Date "2023.05.20"]
[Round "-"]
[White "FlyingChessKestrel13"]
[Black "MartinWalker4"]
[Result "0-1"]
[WhiteElo "2127"]
[BlackElo "2063"]
[TimeControl "300"]
[EndTime "9:53:46 PDT"]
[Termination "MartinWalker4 won by resignation"]

1. e4 e5 2. Nf3 Nc6 3. Bb5 a6 4. Ba4 Nf6 5. O-O Nxe4 6. Re1 Nc5 7. Bxc6 dxc6 8. Nxe5 Be7 9. d4 Ne6 10. c3 O-O 11.
Nd2 Bf6 12. Ndf3 Re8 13. Qc2 Nf8 14. Bf4 Be6 15. Bg3 Bd5 16. Rad1 Ne6 17. Nd2 Nf8 18. Nf1 Bxe5 19. dxe5 Qe7 20. Ne3 Rad8 21. f4 Qc5 22.
Kh1 Be6 23. f5 Bc8 24. Ng4 h5 25. Nf2 Rxd1 26. Rxd1 Qe3 27. Rf1 h4 28. Nd1 Qg5 29. Bf4 Qxf5 30. Qb3 Ng6 31. Ne3 Qe6 32. c4 Nxf4 33.
Rxf4 Qxe5 34. Rf3 Bg4 0-1

[Event "Live Chess"]
[Site "Chess.com"]
[Date "2023.05.20"]
[Round "-"]
[White "Ferrarifan27"]
[Black "OSmith06"]
[Result "1-0"]
[WhiteElo "2082"]
[BlackElo "1725"]
[TimeControl "300"]
[EndTime "9:53:54 PDT"]
[Termination "Ferrarifan27 won by resignation"]

1. e4 c6 2. d4 d5 3. e5 c5 4.
dxc5 Nc6 5. a3 Nxe5 6. b4 Bf5 7. Bb2 Nc6 8. Nf3 e6 9. Bd3 Bxd3 10. cxd3 Nf6 11. O-O Be7 12. Re1 O-O 13. Nbd2 a5 14.
b5 Na7 15. b6 Nc6 16. d4 Ne4 17. Nxe4 dxe4 18. Rxe4 Qd7 19. Qc2 Rfd8 20. Rd1 Bxc5 21. Qxc5 Rac8 22. Qg5 Nxd4 23. Rexd4 Qxd4 24. Bxd4 Rxd4 25. Rxd4 1-0

[Event "Live Chess"]
[Site "Chess.com"]
[Date "2023.05.20"]
[Round "-"]
[White "daveeeeR"]
[Black "peter-785"]
[Result "1-0"]
[WhiteElo "1261"]
[BlackElo "1155"]
[TimeControl "300"]
[EndTime "9:54:01 PDT"]
[Termination "daveeeeR won on time"]

1. d4 d5 2. Bf4 c6 3. Nf3 Nf6 4. e3 e6 5. c3 Be7 6. Bd3 O-O 7. Nbd2 Nbd7 8. h4 h5 9. Be5 Nxe5 10. dxe5 Nd7 11.
Ng5 g6 12. Qe2 Nxe5 13. O-O-O Nxd3+ 14. Qxd3 Qa5 15. Kb1 Qb6 16. Qe2 a5 17. g4 Ba3 18.
b3 a4 19. gxh5 Qc5 20. Qd3 f5 21. hxg6 Rf6 22. h5 axb3 23. Nxb3 Qc4 24. Nf3 Qg4 25. Ne5 Qe4 26. Rdg1 Qxe5 27. h6 Rxg6 28. Rxg6+ Kh7 29. Rg7+ Kh8 30. Rgg1 Bd6 31. Nd2 d4 32. Qxd4 Qxd4 33. exd4 Bf8 34. h7 1-0

[Event "Live Chess"]
[Site "Chess.com"]
[Date "2023.05.20"]
[Round "-"]
[White "LaupMiths"]
[Black "onemoretime1975"]
[Result "1/2-1/2"]
[WhiteElo "1828"]
[BlackElo "1930"]
[TimeControl "300"]
[EndTime "9:54:03 PDT"]
[Termination "Game drawn by repetition"]

1. c4 e6 2. Nf3 d5 3. d4 Nf6 4. Nc3 c6 5. e3 Be7 6. Be2 O-O 7.
O-O Nbd7 8. b3 b6 9. Bb2 Bb7 10. Rc1 Rc8 11. Qc2 c5 12. Qb1 cxd4 13. exd4 dxc4 14.
bxc4 Ba6 15. Nb5 Bxb5 16. cxb5 Nd5 17. Bd3 g6 18. Ne5 Nxe5 19. dxe5 Qd7 20. Rfd1 Bg5 21. Rc4 Qb7 22. Rg4 Bh6 23. h4 Bg7 24. h5 Rfd8 25.
hxg6 hxg6 26. a4 Nc3 27. Bxc3 Rxc3 28. Bxg6 Rxd1+ 29. Qxd1 Qc7 30. Bxf7+ Qxf7 31. Qd8+ Qf8 32. Qd7 Qf7 33. Qd8+ Qf8 34. Qd7 Qf7 35. Qd8+ 1/2-1/2

[Event "Live Chess"]
[Site "Chess.com"]
[Date "2023.05.20"]
[Round "-"]
[White "Tema1107"]
[Black "NatashaRegan"]
[Result "1-0"]
[WhiteElo "1971"]
[BlackElo "1838"]
[TimeControl "300"]
[EndTime "9:54:04 PDT"]
[Termination "Tema1107 won by resignation"]

1. d4 Nf6 2. c4 g6 3. Nc3 Bg7 4.
g3 d6 5. Bg2 O-O 6. Nf3 c6 7. O-O Qa5 8. e4 Qb4 9. Qd3 a5 10. a3 Qb6 11. h3 Na6 12. Be3 Qc7 13. Rab1 e5 14. b4 axb4 15. axb4 Re8 16. b5 cxb5 17.
Nxb5 Qe7 18. d5 Nc5 19. Bxc5 dxc5 20. d6 Qd8 21. Nc7 Ra2 22. Nxe8 Nxe8 23. Rfd1 Be6 24.
d7 Nf6 25. Rxb7 Nxd7 26. Rxd7 Bxd7 27. Qxd7 Qa5 28. Qe8+ Bf8 29. Rd8 Ra1+ 30. Kh2 1-0

[Event "Live Chess"]
[Site "Chess.com"]
[Date "2023.05.20"]
[Round "-"]
[White "YF22Raptor"]
[Black "HoarseyHorsey"]
[Result "1/2-1/2"]
[WhiteElo "1005"]
[BlackElo "1390"]
[TimeControl "300"]
[EndTime "9:54:05 PDT"]
[Termination "Game drawn - timeout vs insufficient material"]

1. e4 c5 2. c4 Nc6 3. Nf3 g6 4.
d4 e6 5. d5 exd5 6. exd5 Nce7 7.
Nc3 Bg7 8. Be3 b6 9. Qc2 Nf6 10.
Bd3 O-O 11. O-O-O d6 12. a3 Bg4 13. Be2 Bf5 14. Bd3 Bd7 15. b4 cxb4 16. axb4 a5 17. b5 Nf5 18. Nd4 Nxe3 19. fxe3 Re8 20. e4 Bg4 21. Nf3 Nd7 22. Na4 Qf6 23. Rhf1 Qa1+ 24. Kd2 Bh6+ 25. Ke2 Qe5 26. h3 Bxf3+ 27. gxf3 Bf4 28.
Ra1 Rab8 29. Ra2 Qd4 30. Kd1 Ne5 31. Nb2 Qe3 32. Rf2 Bg3 33. Rf1 Nxf3 34. Be2 Nd4 35. Qd2 Qxd2+ 36. Kxd2 Rxe4 37. Bd3 Re7 38. Nd1 Rbe8 39.
Kc3 Ne2+ 40. Bxe2 Rxe2 41. Rxe2 Rxe2 42. Rg1 Be5+ 43. Kd3 Rh2 44. Rf1 Rxh3+ 45. Ne3 f5 46. Kd2 Bd4 47. Re1 Kf7 48. Re2 Bxe3+ 49. Rxe3 Rxe3 50.
Kxe3 Kf6 51. Kf4 g5+ 52. Kf3 Ke5 53. Ke3 f4+ 54. Kf3 Kd4 55. Kg4 Kxc4 56. Kxg5 Kxd5 57. Kxf4 Kc5 58. Kg5 Kxb5 59. Kh6 a4 60. Kxh7 a3 61. Kg7 a2 62. Kf6 a1=Q+ 63. Ke6 1/2-1/2

[Event "Live Chess"]
[Site "Chess.com"]
[Date "2023.05.20"]
[Round "-"]
[White "stevefairhurst"]
[Black "domrobson"]
[Result "0-1"]
[WhiteElo "542"]
[BlackElo "1725"]
[TimeControl "300"]
[EndTime "9:54:07 PDT"]
[Termination "domrobson won by checkmate"]

1. e4 e5 2. Nf3 Nc6 3. Bc4 Nf6 4. Ng5 d5 5. exd5 b5 6. dxc6 bxc4 7. Qe2 Qd5 8. d3 Qxg2 9. Rf1 cxd3 10. Qxd3 Be7 11. Qc4 O-O 12. Nc3 a5 13. Nd5 Nxd5 14. Qxd5 Qxd5 15.
Rg1 Bxg5 16. Bxg5 Qe4+ 17. Kd2 Bf5 18. Rae1 Qxc2+ 19. Ke3 Qd3# 0-1

[Event "Live Chess"]
[Site "Chess.com"]
[Date "2023.05.20"]
[Round "-"]
[White "CheckString"]
[Black "jagbama"]
[Result "0-1"]
[WhiteElo "1299"]
[BlackElo "1133"]
[TimeControl "300"]
[EndTime "9:54:10 PDT"]
[Termination "jagbama won by resignation"]

1. e4 e5 2. Nc3 Bc5 3. f4 exf4 4. Nf3 g5 5. d4 Bb4 6. Bc4 f6 7. h4 g4 8. Nh2 d6 9. Nxg4 Qe7 10. Bd3 Nd7 11. Bxf4 f5 12. Nf2 fxe4 13. Nxe4 Ngf6 14. Bg5 d5 15. Bxf6 Nxf6 16. Qd2 dxe4 17. Be2 e3 18.
Qd3 Nd5 19. O-O-O Bxc3 20. bxc3 Nf4 21. Qc4 Be6 22. Qxc7 Qa3+ 0-1

[Event "Live Chess"]
[Site "Chess.com"]
[Date "2023.05.20"]
[Round "-"]
[White "Bob2pen"]
[Black "KGreenGator"]
[Result "0-1"]
[WhiteElo "1765"]
[BlackElo "1775"]
[TimeControl "300"]
[EndTime "9:54:10 PDT"]
[Termination "KGreenGator won by resignation"]

1. c4 Nf6 2. g3 e5 3. Bg2 d6 4. Nc3 Be7 5. d3 c6 6. Nf3 h6 7.
O-O Be6 8. b4 Nbd7 9. b5 Rb8 10.
a4 d5 11. Nd2 d4 12. Nce4 Nxe4 13. Nxe4 c5 14. a5 Nf6 15. Ba3 Nxe4 16. Bxe4 b6 17. axb6 axb6 18. Bc1 O-O 19. Bd2 f5 20. Bg2 f4 21.
Be4 Bg5 22. Ra7 fxg3 23. hxg3 Bh3 24. Bg2 Qc8 25. Bxg5 hxg5 26. Qd2 Bxg2 27. Qxg5 Bb7 28. Qxe5 Ra8 29. Rfa1 Rxa7 30. Rxa7 Qb8 31. Ra1 Qxe5 0-1

[Event "Live Chess"]
[Site "Chess.com"]
[Date "2023.05.20"]
[Round "-"]
[White "TDCMF"]
[Black "BostonStrangler"]
[Result "0-1"]
[WhiteElo "340"]
[BlackElo "2017"]
[TimeControl "300"]
[EndTime "9:54:16 PDT"]
[Termination "BostonStrangler won by checkmate"]

1. e4 c5 2. d4 g6 3. d5 Bg7 4.
Bf4 d6 5. Bc4 Bxb2 6. Nd2 Bxa1 7. Qxa1 Nf6 8. Ngf3 Nbd7 9. O-O a6 10. Rb1 b5 11. Bb3 c4 12. Nxc4 bxc4 13. Bxc4 Qc7 14. Rb4 a5 15. Ra4 Nc5 16. Ra3 Ncxe4 17. Rb3 Qxc4 18. Qb1 O-O 19. Rb8 Rxb8 20. Qxb8 Qxc2 21. h3 Qxf2+ 22. Kh1 Bxh3 23. Qb1 Qxg2# 0-1

[Event "Live Chess"]
[Site "Chess.com"]
[Date "2023.05.20"]
[Round "-"]
[White "Inglaterra"]
[Black "OceanFloater"]
[Result "1-0"]
[WhiteElo "2083"]
[BlackElo "984"]
[TimeControl "300"]
[EndTime "9:54:22 PDT"]
[Termination "Inglaterra won by resignation"]

1. e4 c6 2. d4 d5 3. exd5 cxd5 4. Bd3 Nc6 5. c3 e6 6. Bf4 Bd6 7. Bg3 Bxg3 8. hxg3 Nge7 9. Nf3 Ng6 10. Nbd2 Qf6 11.
Qe2 a6 12. O-O-O b5 13. Kb1 Na5 14. Ne5 Bb7 15. Nxg6 fxg6 16. f4 Nc4 17. Nf3 a5 18. Ng5 Bc8 19. Nxh7 a4 20. Nxf6+ 1-0

[Event "Live Chess"]
[Site "Chess.com"]
[Date "2023.05.20"]
[Round "-"]
[White "thrithik"]
[Black "BearFromUkraine"]
[Result "0-1"]
[WhiteElo "476"]
[BlackElo "1167"]
[TimeControl "300"]
[EndTime "9:54:30 PDT"]
[Termination "BearFromUkraine won by checkmate"]

1. h3 e5 2. Nf3 Nc6 3. Nxe5 Nxe5 4. Nc3 Nf6 5. Ne4 Nxe4 6. f3 Nf6 7. e4 Bc5 8. g4 Nxe4 9. fxe4 Qh4+ 10. Ke2 Qf2# 0-1

[Event "Live Chess"]
[Site "Chess.com"]
[Date "2023.05.20"]
[Round "-"]
[White "Tilbs_12"]
[Black "PiotrD11"]
[Result "1-0"]
[WhiteElo "1594"]
[BlackElo "1328"]
[TimeControl "300"]
[EndTime "9:54:36 PDT"]
[Termination "Tilbs_12 won by resignation"]

1. e4 d5 2. exd5 Nf6 3. d4 Nxd5 4. Nf3 c6 5. c4 Nf6 6. Nc3 Bf5 7.
Be2 e6 8. O-O Bd6 9. Bd3 O-O 10.
Bg5 Nbd7 11. Re1 Qc7 12. Bxf5 exf5 13. h3 Rfe8 14. Qd3 g6 15. c5 Bf8 16. b4 a6 17. a4 Bg7 18. b5 axb5 19. axb5 Rxe1+ 20. Rxe1 cxb5 21. Nxb5 Qa5 22. Nd6 Ne4 23. Qc4 Nxg5 24.
Nxg5 Qxe1+ 25. Kh2 Ra1 26. Qxf7+ Kh8 27. Qxd7 Qh1+ 28.
Kg3 Ra3+ 29. Nf3 f4+ 30. Kxf4 Rxf3+ 31. Kxf3 Qd1+ 32. Kg3 Qd3+ 33. f3 Bxd4 34. Nf7+ Kg8 35. Qe6 Qf5 36. Nh6+ Kg7 37. Nxf5+ gxf5 38. Qd7+ Kg6 39.
Qxd4 1-0

[Event "Live Chess"]
[Site "Chess.com"]
[Date "2023.05.20"]
[Round "-"]
[White "alexlines8"]
[Black "CocheseUK"]
[Result "1-0"]
[WhiteElo "1260"]
[BlackElo "1075"]
[TimeControl "300"]
[EndTime "9:54:39 PDT"]
[Termination "alexlines8 won by resignation"]

1. e4 e5 2. Nc3 Nc6 3. Bc4 Nf6 4. d3 Bc5 5. f4 exf4 6. Bxf4 Nh5 7. Qxh5 g6 8. Qxc5 d6 9. Qa3 O-O 10. Nf3 Nd4 11.
Nxd4 Qh4+ 12. Bg3 Qf6 13. Nf3 1-0

[Event "Live Chess"]
[Site "Chess.com"]
[Date "2023.05.20"]
[Round "-"]
[White "Davidagye"]
[Black "aliciabutteriss"]
[Result "1-0"]
[WhiteElo "1647"]
[BlackElo "511"]
[TimeControl "300"]
[EndTime "9:54:44 PDT"]
[Termination "Davidagye won on time"]

1. b4 e5 2. Bb2 Nc6 3. b5 Nd4 4. e3 Nf5 5. Bxe5 d6 6. Bb2 Be6 7. Nf3 h6 8. c4 Nge7 9. d4 d5 10. c5 c6 11. a4 g6 12. Bd3 Bg7 13. g4 Nxe3 14. fxe3 Bxg4 15. Nbd2 Qd7 16. Bc3 Nf5 17. Qe2 O-O 18. O-O Rfe8 19. e4 dxe4 20. Nxe4 Rad8 21.
Rad1 Qe7 22. h3 Bxh3 23. Rf2 Bg4 24. Bc4 Bxf3 25. Qxf3 Qh4 26. Bd3 cxb5 27. axb5 Rc8 28. Nd6 Qg5+ 29. Kf1 Nh4 30. Qxf7+ Kh7 31. d5 1-0

[Event "Live Chess"]
[Site "Chess.com"]
[Date "2023.05.20"]
[Round "-"]
[White "ACx04"]
[Black "Outspanner"]
[Result "0-1"]
[WhiteElo "433"]
[BlackElo "1579"]
[TimeControl "300"]
[EndTime "9:54:44 PDT"]
[Termination "Outspanner won by checkmate"]

1. e4 d6 2. Bc4 e6 3. Nf3 d5 4. exd5 exd5 5. Bb3 Nf6 6. d4 Bd6 7. Nc3 c6 8. O-O O-O 9. g3 Bg4 10. Qe2 Re8 11. Kg2 Rxe2 12. h3 Bxf3+ 13. Kxf3 Re8 14. Bf4 Bxf4 15. gxf4 Ne4 16. Rg1 Nd2+ 17. Kg4 Qd7+ 18. f5 Na6 19. a4 g6 20. Ba2 Qxf5+ 21. Kg3 Qf3+ 22. Kh2 Qxf2+ 23. Rg2 Qf4+ 24. Rg3 Ne4 25.
Nxe4 Rxe4 26. Rg1 h5 27. c3 h4 28. Bb1 hxg3+ 29. Rxg3 Re2+ 30. Kh1 Qf1+ 31. Rg1 Qxh3# 0-1

[Event "Live Chess"]
[Site "Chess.com"]
[Date "2023.05.20"]
[Round "-"]
[White "TheSmoulderingMaster"]
[Black "Jio85"]
[Result "1-0"]
[WhiteElo "1805"]
[BlackElo "2012"]
[TimeControl "300"]
[EndTime "9:54:47 PDT"]
[Termination "TheSmoulderingMaster won by resignation"]

1. e4 Nf6 2. e5 Nd5 3. d4 d6 4. c4 Nb6 5. f4 dxe5 6. fxe5 c5 7. d5 e6 8. d6 Nc6 9. Nf3 g6 10. Bg5 Qd7 11. Bf6 Rg8 12. Nc3 Bg7 13. Nb5 Bxf6 14. exf6 Kf8 15. Bd3 a5 16. Qd2 a4 17. Qh6+ Ke8 18.
Qxh7 Rf8 19. Qg7 Ra5 20. Nc7+ 1-0

[Event "Live Chess"]
[Site "Chess.com"]
[Date "2023.05.20"]
[Round "-"]
[White "PackedNote"]
[Black "seabuck"]
[Result "1-0"]
[WhiteElo "797"]
[BlackElo "1797"]
[TimeControl "300"]
[EndTime "9:54:49 PDT"]
[Termination "PackedNote won - game abandoned"]

1. e4 c6 2. Nf3 d5 3. exd5 cxd5 4.
d4 Nc6 5. c3 Nf6 6. Bb5 a6 7. Ba4 b5 8. Bc2 Bg4 9. Be3 e6 10. Nbd2 Bd6 11. h3 Bh5 12. O-O Qc7 13. Re1 O-O 14. Qc1 b4 15. a4 bxc3 16. bxc3 Rfc8 17.
Bd3 Na5 18. g4 Bg6 19. Bxg6 hxg6 20. Rb1 Qxc3 21. Qxc3 Rxc3 22. Ne5 Rc2 23. f4 Ra2 24. g5 Bxe5 25. dxe5 Ne4 26. Nxe4 dxe4 27. Red1 Rxa4 28. Bd2 Nc4 29. Kf2 Ra2 30. Ke1 1-0